AoeStats
← [H A R D] FEELINGS

Hill Fort

505062541Analyzed
4v4 RM · 25d ago on Sep 7, 2026· 39m 1s· 8 players
Game mode
Random Map
Map size
Large (8 player)
Population
200
Speed
Normal
Resources
Standard
Victory
Conquest
Starting age
Dark Age
Ending age
Imperial Age
RankedLock teamsTeams togetherTeam positionsShared explorationLock speedFull tech treeHidden civsTurbo modeCheats
Victory
Defeat
🇨🇭 Malians · Switzerland
1154
+15
🇨🇭 Cumans · Switzerland
1122
+16
🇨🇭 Ethiopians · Switzerland
1086
+18
🇨🇭 Malians · Switzerland
1082
+18
🇧🇷 Japanese · Brazil
1148
-18
🇺🇸 Wei · United States
1148
-18
🇨🇿 Bohemians · Czechia
1104
-16
🇨🇱 Bulgarians · Chile
1095
-15
PloppyFenis
4:59 Loom
11:29 Feudal Age
16:39 Castle Age
14:32 Fletching
15:36 Double-Bit Axe
25:13 Bow Saw
27:00 Padded Archer Armor
27:32 Elite Skirmisher
28:30 Leather Archer Armor
33:54 Bodkin Arrow
35:53 Wheelbarrow
Chaves
2:58 Loom
10:20 Feudal Age
11:18 Double-Bit Axe
11:15 Horse Collar
17:57 Stone Mining
21:39 Castle Age
20:04 Scale Mail Armor
20:16 Forging
21:53 Gold Mining
29:02 Imperial Age
30:55 Chemistry
BlizixXx
11:11 Feudal Age
12:34 Wheelbarrow
12:42 Loom
16:47 Castle Age
14:38 Horse Collar
18:16 Double-Bit Axe
20:55 Castle Age
18:41 Town Watch
22:03 Bow Saw
26:16 Redemption
26:45 Fervor
28:18 Fletching
28:29 Scale Mail Armor
28:43 Bodkin Arrow
35:18 Imperial Age
33:13 Town Watch
34:20 Sanctity
37:22 Chemistry
36:59 Block Printing
Nichelson3360
5:02 Loom
10:59 Feudal Age
17:25 Loom
17:57 Scale Mail Armor
19:12 Forging
19:15 Double-Bit Axe
24:49 Castle Age
22:36 Horse Collar
23:46 Arson
24:50 Scale Barding Armor
24:42 Gold Mining
26:17 Bow Saw
26:29 Bloodlines
26:20 Husbandry
30:59 Gold Shaft Mining
30:34 Gambesons
32:49 Fletching
33:36 Iron Casting
36:05 Imperial Age
35:18 Bodkin Arrow
35:46 Ballistics
37:12 Bracer
39:19 Wheelbarrow
[H A R D] FEELINGS
8:53 Loom
10:40 Feudal Age
12:44 Double-Bit Axe
15:19 Horse Collar
22:02 Wheelbarrow
26:41 Castle Age
25:01 Stone Mining
25:09 Gold Mining
26:36 Fletching
26:48 Padded Archer Armor
28:01 Bow Saw
27:52 Heavy Plow
28:29 Gold Shaft Mining
32:04 Imperial Age
30:13 Bodkin Arrow
30:50 Hand Cart
31:10 Leather Archer Armor
32:20 Bloodlines
31:34 Light Cavalry
33:51 Conscription
35:05 Scale Barding Armor
35:11 Forging
35:02 Hussar
37:26 Chain Barding Armor
38:25 Iron Casting
38:21 Ring Archer Armor
39:33 Plate Barding Armor
[H A R D] est
6:53 Loom
10:47 Feudal Age
11:27 Double-Bit Axe
15:46 Fletching
18:50 Padded Archer Armor
21:48 Horse Collar
25:05 Castle Age
23:29 Town Watch
25:42 Crossbowman
26:22 Bodkin Arrow
33:36 Bow Saw
33:27 Heavy Plow
34:59 Wheelbarrow
34:24 Town Patrol
38:41 Thumb Ring
[H A R D] AF
10:47 Feudal Age
15:05 Castle Age
13:18 Double-Bit Axe
14:03 Stone Mining
16:59 Horse Collar
17:32 Bow Saw
24:25 Squires
24:27 Scale Mail Armor
27:32 Heavy Plow
28:00 Fletching
28:29 Forging
34:56 Chain Mail Armor
37:13 Wheelbarrow
36:23 Town Watch
37:57 Iron Casting
[H A R D] wiealtesBROT
9:26 Loom
11:57 Feudal Age
13:31 Double-Bit Axe
16:08 Castle Age
13:54 Horse Collar
15:05 Gold Mining
15:34 Scale Mail Armor
15:55 Forging
15:50 Loom
17:25 Bow Saw
19:53 Heavy Plow
21:00 Chain Mail Armor
24:21 Stone Mining
25:03 Squires
26:50 Iron Casting
27:18 Arson
30:22 Wheelbarrow
35:35 Imperial Age
37:47 Conscription
38:46 Plate Mail Armor
38:58 Elite Gbeto
Connection lost

Rejoining the realm…

Still unreachable

The connection could not be restored.

Session expired

The server has moved on; the page needs a fresh start.